 Dungeon Crawl Stone Soup version 0.29.1-12-g30fa7ad0bf (webtiles) character file.

Game seed: 9648010611044478804

123 Thatpatchoflichen the Shooter (level 4, -2/37 HPs)
             Began as a Demigod Hunter on Jan 18, 2023.
             Succumbed to a scorpion's poison
             ... on level 5 of the Dungeon.
             The game lasted 00:13:56 (3580 turns).

Thatpatchoflichen the Shooter (Demigod Hunter)      Turns: 3580, Time: 00:13:57

Health: -2/37      AC: 10    Str: 12    XL:     4   Next: 52%
Magic:  6/6        EV:  6    Int: 17    God:
Gold:   140        SH:  0    Dex: 21    Spells: 3/3 levels left

rFire   + . .      SeeInvis .   a - +0 shortbow
rCold   + . .      Faith    .   (shield currently unavailable)
rNeg    . . .      Spirit   .   u - +0 chain mail
rPois   +          Reflect  .   (no helmet)
rElec   +          Harm     .   (no cloak)
rCorr   +          Rampage  .   p - +0 pair of gloves
Will    .....                   o - +0 pair of boots
Stlth   ..........              (no amulet)
HPRegen 0.12/turn               c - +6 ring of intelligence
MPRegen 0.10/turn               (no ring)

@: brilliant, lethally poisoned (-2 -> -12), resistant, flying, hasted, very
quick
A: high MP 1, forlorn, divine attributes
a: no special abilities


You were on level 5 of the Dungeon.
You visited 1 branch of the dungeon, and saw 5 of its levels.

You collected 140 gold pieces.

Inventory:

Hand Weapons
 a - a +0 shortbow (weapon)
Armour
 o - a +0 pair of boots (worn)
 p - a +0 pair of gloves (worn)
 u - a +0 chain mail (worn)
Magical Staves
 s - a staff of earth
Jewellery
 c - a +6 ring of intelligence (left hand)
Scrolls
 b - 2 scrolls of immolation
 e - a scroll of acquirement {unknown}
 g - 2 scrolls of magic mapping {unknown}
 i - 2 scrolls of enchant armour {unknown}
 j - a scroll of poison {unknown}
 k - a scroll of enchant weapon {unknown}
 n - 5 scrolls of identify {unknown}
 q - 3 scrolls of teleportation {unknown}
 r - a scroll of noise {unknown}
Potions
 d - a potion of curing {unknown}
 f - a potion of flight
 h - a potion of haste
 l - a potion of attraction {unknown}
 m - a potion of brilliance
 v - a potion of might {unknown}


   Skills:
 + Level 2.6 Fighting
 + Level 4.3 Ranged Weapons
 + Level 1.7 Armour
 + Level 2.6 Dodging
 - Level 1.0 Stealth


You had 3 spell levels left.
You didn't know any spells.
Your spell library contained the following spells:

 Spells                   Type           Power      Damage    Failure   Level
 Sting                    Tmut/Pois      0%         1d3       100%        1
 Blink                    Tloc           0%         N/A       100%        2
 Poisonous Vapours        Pois/Air       0%         N/A       100%        2
 Olgreb's Toxic Radiance  Pois           0%         N/A       100%        4
 Manifold Assault         Tloc           0%         N/A       100%        5
 Malign Gateway           Summ/Tloc      0%         N/A       100%        7
 Storm Form               Tmut/Air       0%         N/A       100%        7
 Summon Horrible Things   Summ           0%         N/A       100%        8


Dungeon Overview and Level Annotations

Branches:
Dungeon (5/15)
 Temple: D:4-7

Annotations:
D:4 Dowan, Duvessa


Innate Abilities, Weirdness & Mutations

You have an increased reservoir of magic. (+10% MP)
You shall have no god before yourself.
Your divine heritage dramatically boosts your attributes as you level up.


Message History

Press: ? - help, Q - select action Shift-Dir - straight line, f/p - scorpion
Aim: a scorpion (heavily wounded, 65% to hit)
You shoot an arrow.
The arrow hits the scorpion but does no damage.
The scorpion is heavily wounded.
The scorpion stings you.
You are poisoned.
The scorpion poisons you! The scorpion stings you.
You are lethally poisoned!
The scorpion poisons you!
Fire: a) +0 shortbow
Press: ? - help, Q - select action Shift-Dir - straight line, f/p - scorpion
Aim: a scorpion (heavily wounded, 65% to hit)
Okay, then.
It was a potion of haste.
You feel yourself speed up.
You feel very sick. The scorpion closely misses you. The scorpion stings you.
It was a potion of brilliance.
You feel clever all of a sudden.
* * * LOW HITPOINT WARNING * * *
You feel sick.
It was a potion of flight.
You feel very buoyant.
You fly up into the air.
* * * LOW HITPOINT WARNING * * *
You feel very sick. The scorpion barely misses you.
It was a potion of resistance.
You feel protected.
* * * LOW HITPOINT WARNING * * *
You feel sick. The scorpion stings you.
* * * LOW HITPOINT WARNING * * *
* * * LOW HITPOINT WARNING * * *
You feel sick.
Fire: a) +0 shortbow
Press: ? - help, Q - select action Shift-Dir - straight line, f/p - scorpion
Aim: a scorpion (heavily wounded, 65% to hit)
You shoot an arrow. The arrow hits the scorpion.
The scorpion is severely wounded.
You die...

. ..###########
............####
#.......<......8
#......@s.......
..########.....8
###.#. .8 .


You could see a scorpion.

Vanquished Creatures
  6 adders
  A worm (D:2)
  3 dart slugs
  4 orcs
  5 endoplasms
  A giant cockroach (D:3)
  3 goblins
  3 hobgoblins
  7 quokkas
  5 ball pythons
  3 bats
  4 frilled lizards
  7 kobolds
  5 rats
57 creatures vanquished.

Notes
Turn   | Place    | Note
-------+----------+-------------------------------------------
     0 | D:1      | Thatpatchoflichen the Demigod Hunter began the quest for
                  | the Orb.
     0 | D:1      | Reached XP level 1. HP: 17/17 MP: 3/3
   333 | D:1      | Reached skill level 1 in Stealth
   482 | D:1      | Reached XP level 2. HP: 24/24 MP: 4/4
   902 | D:1      | Reached skill level 1 in Armour
  1280 | D:1      | Reached XP level 3. HP: 29/29 MP: 5/5
  1576 | D:2      | Identified the +6 dagger of Bazxob {flame, Str+2}
  1887 | D:2      | Reached skill level 4 in Ranged Weapons
  2645 | D:3      | Reached XP level 4. HP: 37/37 MP: 6/6
  3551 | D:4      | Noticed Duvessa
  3551 | D:4      | Noticed Dowan
  3563 | D:5      | Entered Level 5 of the Dungeon
  3579 | D:5      | HP: 1/37 [poisoned by a scorpion]
  3580 | D:5      | Succumbed to a scorpion's poison

Illustrated notes

Levels and vault maps discovered:
D:1:      wander_arrival_lonely_grave, layout_basic,
          shapermc_ecumenical_altar_mp_highgroup, minmay_pentomino_q2
D:2:      layout_basic, serial_park_tiny_pond
D:3:      layout_loops_cross, old_standard_altar,
          gammafunk_temple_overflow_wave, nicolae_tso_swordbearing_angel
D:4:      layout_rooms, grunt_temple_overflow_cloverleaf,
          nemelex_xobeh_ov_fountains_minmay, uniq_duvessa
D:5:      cheibrodos_quashed, layout_cave_pods,
          minmay_temple_entry_gardened_gates, serial_column_ruins,
          column_ruins_hut_pillars, column_ruins_square_small,
          column_ruins_grid_1, column_ruins_grid_3, column_ruins_grid_2,
          column_ruins_columns_straight, column_ruins_grid_1,
          minmay_misc_feat_room, uniq_eustachio

Skill      XL: |  1  2  3 |
---------------+----------+-----
Stealth        | 1 |  1.0
Fighting       | 2 |  2.6
Dodging        | 2 |  2.6
Armour         | 1 |  1.7
Ranged Weapons | 4 |  4.3

Action                   |  1- 3 |  4- 6 || total
-------------------------+-------+-------++-------
 Fire: Shortbow          |   142 |    65 ||   207
  Use: Potion            |       |     4 ||     4
Armor: Leather armour    |     7 |       ||     7
       Scale mail        |    33 |       ||    33
       Chain mail        |       |    51 ||    51
Dodge: Dodged            |    41 |    30 ||    71
